 Dungeon Crawl Stone Soup version 0.19-a0-1170-g18f0c96 (webtiles) character file.

39 inmateoo the Digger (level 3, -1/19 HPs)
             Began as a Gargoyle Earth Elementalist on Aug 16, 2016.
             Slain by a goblin (3 damage)
             ... on level 1 of the Dungeon.
             The game lasted 00:04:04 (1292 turns).

inmateoo the Digger (Gargoyle Earth Elementalist)   Turns: 1292, Time: 00:04:05

Health: -1/19      AC:  5    Str: 11    XL:     3   Next: 47%
Magic:  6/6        EV: 12    Int: 16    God:
Gold:   57         SH:  0    Dex: 10    Spells: 1 memorised, 5 levels left

rFire  . . .     SeeInvis .     h - +3 dagger
rCold  . . .     Gourm    .     c - +0 robe
rNeg   + . .     Faith    .     (no shield)
rPois  ∞         Spirit   .     (no helmet)
rElec  +         Dismiss  .     (no cloak)
rCorr  .         Reflect  .     (no gloves)
MR     .....     Harm     .     (no boots)
Stlth  ++........               (no amulet)
                                (no ring)
                                (no ring)

@: no status effects
A: negative energy resistance 1, electricity resistance, unbreathing,
petrification resistance, rot immunity, AC +3
a: no special abilities


You were on level 1 of the Dungeon.
You were not hungry.

You visited 1 branch of the dungeon, and saw 2 of its levels.

You collected 57 gold pieces.

Inventory:

Hand Weapons
 h - a +3 dagger (weapon)
Missiles
 b - 44 stones (quivered)
Armour
 c - a +0 robe (worn)
Scrolls
 i - a scroll of remove curse
 j - a scroll of identify {unknown}
Potions
 a - 2 potions of degeneration {unknown}
 g - a potion of agility
Books
 e - a book of Geomancy

   Spells                             Type                      Level
   a - Sandblast                      Earth                        1
   b - Passwall                       Transmutation/Earth          2
   c - Stone Arrow                    Conjuration/Earth            3
   d - Petrify                        Transmutation/Earth          4
   e - Lee's Rapid Deconstruction     Earth                        5
Comestibles
 d - a bread ration
 f - 2 beef jerkies


   Skills:
 + Level 1.9 Dodging
 + Level 2.6 Stealth
 + Level 2.4 Spellcasting
   Level 0.7 Transmutations
 * Level 4.3 Earth Magic


You had 5 spell levels left.
You knew the following spells:

 Your Spells              Type           Power        Failure   Level  Hunger
a - Sandblast             Erth           ###...       4%          1    #......


Dungeon Overview and Level Annotations

Branches:
Dungeon (2/15)

Altars:

Annotations:
D:2 Sigmund


Innate Abilities, Weirdness & Mutations

You are resistant to torment.
Your stone body is resilient. (AC +3)
You are immune to poison.
You resist negative energy. (rN+)
You are resistant to electric shocks. (rElec)
You can survive without breathing.
You are immune to petrification.
You are immune to rotting.


Message History

The magic dart hits you!
* * * LOW HITPOINT WARNING * * *
You see here a leather armour.
There is a stone staircase leading up here.
You climb upwards.
The big kobold hits you but does no damage.
The big kobold hits you with a dagger.
* * * LOW HITPOINT WARNING * * *
There is a stone staircase leading down here.
You see here a club.
A goblin comes into view.
The goblin shouts!
The goblin hits you.
* * * LOW HITPOINT WARNING * * *
The goblin closely misses you. The big kobold hits you with a dagger.
* * * LOW HITPOINT WARNING * * *
There is a stone staircase leading down here.
The goblin hits you.
You die...

.# #.# #.# #..##.##........ .#
#.# #.# #...###....##### .# #.#
#)# #..........# .###.# #.#
#..........###
.##..###.#########............#
...............K....###....##.#
###.#########.#####.# #...###.#
#.# ##.#####.# #)..###.# #.#
#..Kg@...# ##......# #.#
#.######## ##.###### #.# #.#
##...## #.# ##.## #.###.######
#.# ##...#### #.# #.......
###.######..#....# #.###.######
..............##.# ##...## #
.##.#######..###.# ##### #
.##.# #.## #.# #


You could see a big kobold and a goblin.

Vanquished Creatures
  An adder (D:2)
  5 giant cockroaches
  6 goblins (D:1)
  6 hobgoblins
  3 bats (D:1)
  2 giant newts (D:1)
  3 kobolds (D:1)
  2 rats (D:1)
28 creatures vanquished.

Notes
Turn   | Place    | Note
-------+----------+-------------------------------------------
     0 | D:1      | inmateoo the Gargoyle Earth Elementalist began the quest for the Orb.
     0 | D:1      | Reached XP level 1. HP: 10/10 MP: 3/3
    40 | D:1      | Reached XP level 2. HP: 15/15 MP: 1/5
   751 | D:1      | Reached skill level 4 in Earth Magic
   764 | D:1      | Reached XP level 3. HP: 11/19 MP: 6/6
   975 | D:1      | Noticed a big kobold
  1229 | D:2      | Noticed Sigmund
  1292 | D:1      | Slain by a goblin

Vault maps used:
D:1:      dpeg_arrival_shelter, minivault_25, minivault_4
D:2:      yredelemnul_altar_generic, ecumenical_altar_2, uniq_sigmund

Skill      XL: |  1  2 |
---------------+-------+-----
Earth Magic    | 4 |  4.3
Dodging        | |  1.9
Stealth        | |  2.6
Spellcasting   | |  2.4
Transmutations | |  0.7

Action                   || total
-------------------------++-------
Melee: Dagger            ||   116
 Cast: Sandblast         ||     6
  Use: Scroll            ||     2
 Stab: Sleeping          ||     2
  Eat: Chunk             ||     1
Armor: Robe              ||    39
Dodge: Dodged            ||    57
